 Dungeon Crawl Stone Soup version 0.29-a0-384-g6960b1960d (webtiles) character file.

Game seed: 16013247417739910846

351 quokkamancerX the Skirmisher (level 6, -4/68 HPs)
             Began as an Ogre Gladiator on May 7, 2022.
             Slain by Duvessa
             ... wielding a +0 short sword
              (7 damage)
             ... on level 3 of the Dungeon.
             The game lasted 00:18:20 (4884 turns).

quokkamancerX the Skirmisher (Ogre Gladiator)       Turns: 4884, Time: 00:18:21

Health: -4/68      AC:  5    Str: 21    XL:     6   Next: 61%
Magic:  0/6        EV: 10    Int:  9    God:
Gold:   42         SH:  0    Dex: 10    Spells: 5/5 levels left

rFire   . . .      SeeInvis .   a - +0 flail
rCold   . . .      Faith    .   t - orb {light}
rNeg    . . .      Spirit   +   b - +0 robe
rPois   .          Reflect  .   e - +2 hat
rElec   .          Harm     .   (no cloak)
rCorr   .          Rampage  .   (gloves unavailable)
Will    .....                   (boots unavailable)
Stlth   +.........              m - amulet of guardian spirit
HPRegen 0.21/turn               (no ring)
MPRegen 0.10/turn               (no ring)

@: glowing
A: large, unfitting armour, tough skin 1
a: no special abilities


You were on level 3 of the Dungeon.
You visited 1 branch of the dungeon, and saw 4 of its levels.

You collected 150 gold pieces.
You spent 108 gold pieces at shops.

Inventory:

Hand Weapons
 a - a +0 flail (weapon)
Missiles
 c - a large rock (quivered)
 g - 87 stones
 l - 2 poisoned darts
 r - a boomerang
Armour
 b - a +0 robe (worn)
 e - a +2 hat (worn)
 t - an orb of light (worn)
Jewellery
 m - an amulet of guardian spirit (around neck)
Scrolls
 h - 2 scrolls of summoning
 i - 3 scrolls of identify
 n - a scroll of magic mapping {unknown}
 o - a scroll of teleportation
 p - a scroll of fear {unknown}
 q - 2 scrolls of enchant weapon {unknown}
 v - a scroll of poison {unknown}
Potions
 f - 2 potions of magic
 j - 4 potions of curing
 k - 4 potions of mutation
 s - a potion of brilliance
 u - a potion of cancellation {unknown}


   Skills:
 + Level 6.6 Fighting
 - Level 2.6 Maces & Flails
 + Level 5.0 Throwing
 - Level 2.6 Dodging


You had 5 spell levels left.
You didn't know any spells.
Your spell library contained the following spells:

 Spells                   Type           Power      Damage    Failure   Level
 Magic Dart               Conj           0%         1d3       38%         1
 Call Imp                 Summ           0%         N/A       52%         2
 Ensorcelled Hibernation  Hex/Ice        0%         N/A       52%         2
 Passwall                 Tmut/Erth      0%         N/A       52%         2
 Mephitic Cloud           Conj/Pois/Air  0%         N/A       77%         3
 Swiftness                Air            0%         N/A       77%         3
 Tukima's Dance           Hex            0%         N/A       77%         3
 Anguish                  Hex/Necr       0%         N/A       99%         4
 Flame Wave               Conj/Fire      0%         2d4       99%         4
 Borgnjor's Vile Clutch   Necr/Erth      0%         N/A       100%        5
 Starburst                Conj/Fire      0%         6d3       100%        6
 Enfeeble                 Hex            0%         N/A       100%        7


Dungeon Overview and Level Annotations

Branches:
Dungeon (4/15)
 Temple: D:4-7

Altars:
Cheibriados
Dithmenos
Uskayaw

Shops:
D:3 *

Annotations:
D:3 Duvessa


Innate Abilities, Weirdness & Mutations

You are too large for most types of armour.
You have tough skin. (AC +1)


Message History

The gnoll closely misses you.
You hit Duvessa.
Duvessa is lightly wounded.
Duvessa hits you with a +0 short sword!
* * * LOW HITPOINT WARNING * * *
Duvessa misses you.
The gnoll hits you from afar with a +0 spear.
* * * LOW HITPOINT WARNING * * *
Throw: 2 throwing nets
Press: ? - help, Q - select action, (/) - cycle Shift-Dir - straight line, f/p - Duvessa
Aim: Duvessa, wielding a +0 short sword and wearing a +0 leather armour (lightly wounded, berserk, haloed, 83% to hit)
You throw a throwing net. The throwing net hits Duvessa.
Duvessa is caught in the net!
Duvessa is lightly wounded.
Duvessa struggles against the net.
The gnoll barely misses you.
Duvessa struggles against the net. x2
The net rips apart, and Duvessa comes free!
Things that are here:
a +0 dagger; a +2 robe of willpower; the elf corpse of Dowan
Items here: ))) †.
Duvessa rages.
There is a stone staircase leading up, spattered with blood here.
Duvessa hits you with a +0 short sword!
* * * LOW HITPOINT WARNING * * *
You climb upwards.
There is a stone staircase leading down, spattered with blood here.
Throw: throwing net
Press: ? - help, Q - select action, (/) - cycle Shift-Dir - straight line, f - Duvessa
Aim: Duvessa, wielding a +0 short sword and wearing a +0 leather armour (lightly wounded, berserk, haloed, 83% to hit)
You throw a throwing net. The throwing net hits Duvessa.
Duvessa is caught in the net!
Duvessa is lightly wounded.
Duvessa struggles against the net.
Okay, then.
You hit Duvessa but do no damage.
Duvessa is lightly wounded.
Duvessa struggles against the net. x2
The net rips apart, and Duvessa comes free!
Duvessa hits you with a +0 short sword!
You die...

##........####.......#
.#........# #.......# .#........#
#.......# .#........#
#####'######
.#........########......#########
.'........'......................
.#........#######..####.#########
..##...............# #.#...#
................@e.####.....#####
#.##.##.########)#†..........)...
#..#.##.# #.########.#######
##.#.##.# #.# #.# #.#.##.# #.#
#.# #...##.# #.# #.# ##..##.# #.#
#.# #..##.# ###'###### #.#
##.##.# #........# #.#######


You could see Duvessa (berserk).

Vanquished Creatures
  A necrophage (D:4)
  A scorpion (D:4)
  Dowan (D:4)
  3 gnolls
  7 adders
  4 worms
  A dart slug (D:1)
  2 orcs (D:4)
  7 ball pythons
  5 endoplasms
  4 giant cockroaches
  9 goblins
  7 hobgoblins
  2 jackals (D:1)
  5 kobolds
  6 quokkas
  7 bats
  3 frilled lizards
  3 rats
78 creatures vanquished.

Notes
Turn   | Place    | Note
-------+----------+-------------------------------------------
     0 | D:1      | quokkamancerX the Ogre Gladiator began the quest for the
                  | Orb.
     0 | D:1      | Reached XP level 1. HP: 22/22 MP: 1/1
   148 | D:1      | Reached skill level 3 in Fighting
   451 | D:1      | Reached XP level 2. HP: 14/31 MP: 2/2
   992 | D:1      | Reached XP level 3. HP: 39/39 MP: 3/3
  1337 | D:2      | Got the Handbook of Ashen Fire
  1377 | D:2      | Reached skill level 4 in Fighting
  1614 | D:2      | Reached XP level 4. HP: 48/48 MP: 4/4
  2355 | D:3      | Found Ziegaozo's Assorted Antiques.
  2376 | D:3      | Bought a scroll labelled HESEMP XOSA for 19 gold pieces
  2376 | D:3      | Bought a scroll labelled FITRUE PUILL for 19 gold pieces
  2376 | D:3      | Bought a scroll labelled SOLOCOS UXIOR for 19 gold pieces
  2999 | D:3      | Found a snail-covered altar of Cheibriados.
  3433 | D:3      | Bought a sedimented orange potion for 17 gold pieces
  3433 | D:3      | Bought an amethyst potion for 17 gold pieces
  3433 | D:3      | Bought a metallic red potion for 17 gold pieces
  3488 | D:4      | Found a hide-covered altar of Uskayaw.
  3492 | D:4      | Noticed a +0 dagger
  3492 | D:4      | Noticed a +0 dagger
  3582 | D:4      | Reached skill level 5 in Fighting
  3582 | D:4      | Reached XP level 5. HP: 54/57 MP: 5/5
  4019 | D:4      | Reached skill level 6 in Fighting
  4019 | D:4      | Reached XP level 6. HP: 67/67 MP: 6/6
  4070 | D:4      | Found a shadowy altar of Dithmenos.
  4424 | D:4      | Identified the +3 leather armour "Exicod" {Rampage *Corrode
                  | MP-9 Int+4}
  4768 | D:4      | Noticed Dowan
  4794 | D:4      | Killed Dowan
  4795 | D:4      | Reached skill level 5 in Throwing
  4862 | D:4      | Noticed Duvessa
  4880 | D:4      | HP: 2/68 [Duvessa/+0 short sword (7)]
  4884 | D:3      | Slain by Duvessa

Illustrated notes

Levels and vault maps discovered:
D:1:      wander_arrival_lonely_grave, layout_basic
D:2:      layout_loops_cross, chequers_serial_rivers_large_b, minmay_cupped
D:3:      layout_basic, slow_altar_1, serial_shops,
          nicolae_shop_advertising_works [nicolae_subvault_shop_adworks]
D:4:      minmay_diamond_boxcup, layout_loops_cross,
          mainiacjoe_overflow_six_doors_small, dancing_weapons_uskayaw,
          uniq_duvessa

Skill      XL: |  1  2  3  4  5  6 |
---------------+-------------------+-----
Fighting       | 3 4 5 6 |  6.6
Throwing       | 3 4 5 |  5.0
Maces & Flails | |  2.6
Dodging        | |  2.6

Action                   |  1- 3 |  4- 6 || total
-------------------------+-------+-------++-------
Melee: Flail             |    76 |   128 ||   204
       Punch             |       |     1 ||     1
Throw: Stone             |   107 |    78 ||   185
       Large rock        |     1 |       ||     1
       Boomerang         |       |     3 ||     3
       Dart              |       |     2 ||     2
       Throwing net      |       |     3 ||     3
  Use: Scroll            |       |     6 ||     6
Armor: Robe              |    34 |    59 ||    93
Dodge: Dodged            |    41 |    94 ||   135

Table legend: (Time is in decaauts)
 A = Elapsed time spent in this place.
 B = Non-inter-level travel time spent in this place.
 C = Inter-level travel time spent in this place.
 D = Time resting spent in this place.
 E = Time spent auto-exploring this place.
 F = Levels seen in this place.
 G = Mean time per level.
                   A        B        C        D        E       F      G
               +--------+--------+--------+--------+--------+-----+--------+
         Total |   4962 |   4710 |    252 |   1083 |   2554 |   4 | 1240.5 |
       Dungeon |   4962 |   4710 |    252 |   1083 |   2554 |   4 | 1240.5 |
               +--------+--------+--------+--------+--------+-----+--------+

Top non-repeatable levels by time:
     D:3: 1517 daAuts
     D:1: 1249 daAuts
     D:2: 1190 daAuts
     D:4: 1004 daAuts
